Unix NetHack Version 5.0.0-0 post-release - last build Jun 10 2026 00:39:30 (3ee93aec679c4c4259841fe613dc97188e26a321,branch:main).

Game began 2026-06-16 04:54:02, ended 2026-06-16 05:21:28.

Aranth, chaotic female elven Wizard

                                                  -
                                             -----.-
                                            .|.|....-
                                           .....d@...
                                          .....)f%..o
                                           -.)...|..
                                           |.)..---
                                        | --...--
                                        ...<...|
                                        -...).--
                                         -....|
                                          ...--
                                           -.-

Aranth the Thaumaturge    St:9 Dx:16 Co:17 In:20 Wi:12 Ch:12  Chaotic
Dlvl:7  $:66 HP:0(49) Pw:3(69) AC:5  Xp:7 T:3018  Burdened

Latest messages:
 The housecat turns to flee.
 The housecat bites Grisaiun of Aulog.
 The housecat bites Grisaiun of Aulog.
 Grisaiun of Aulog hits the housecat.
 Grisaiun of Aulog turns to flee.
 The housecat bites Grisaiun of Aulog.
 Grisaiun of Aulog is killed!
 In what direction? 6
 The spell hits Thosuruk of Aulog!
 The housecat turns to flee.
 Your housecat eats an Uruk-hai corpse named Grisaiun of Aulog.
 The gnome lord shoots 2 crossbow bolts!
 You are hit by the 1st crossbow bolt.
 You are hit by the 2nd crossbow bolt.
 Thosuruk of Aulog shoots 2 poisoned crude arrows!
 The 1st poisoned crude arrow misses the housecat.
 You are almost hit by the 1st poisoned crude arrow.
 The 2nd poisoned crude arrow misses the housecat.
 The 2nd poisoned crude arrow misses you.
 The housecat turns to flee.
 What do you want to drink? [f-hs-uF or ?*] f
 You feel better.
 The gnome lord shoots 2 crossbow bolts!
 The 1st crossbow bolt misses you.
 The 2nd crossbow bolt misses you.
 What do you want to zap? [cO or ?*] O
 In what direction? 6
 The gnome lord seems to be moving slower.
 The gnome lord swings his crossbow.
 The gnome lord hits!
 The gnome lord swings his crossbow.
 The gnome lord hits!
 You hit the gnome lord!
 You hit the gnome lord!
 You hit the dingo.
 The dingo bites!
 The gnome lord swings his crossbow.
 The gnome lord hits!
 The dingo bites!
 You don't have enough energy to cast that spell.
 You hit the gnome lord!
 The dingo bites!
 The dingo bites!
 You kill the gnome lord!
 The dingo bites!
 You miss the dingo.
 The dingo bites!
 The dingo bites!
 You die...
 Do you want your possessions identified? [ynq] (y) q

Inventory:
 Coins    ('$')
  $ - 66 gold pieces
 Weapons  (')')
  v - 9 +0 arrows
  E - a poisoned +0 orcish arrow
  w - a +0 dagger
  L - a +0 knife
  p - 2 +0 orcish daggers
  a - a blessed +1 quarterstaff (weapon in hands)
  y - a cursed +0 scimitar
 Armor    ('[')
  T - an uncursed +0 dwarvish iron helm (being worn)
  S - an uncursed +0 orcish helm
  x - an uncursed +0 pair of iron shoes (being worn)
  U - an uncursed +0 dwarvish roundshield
  b - an uncursed +0 cloak of magic resistance (being worn)
 Scrolls  ('?')
  Z - an uncursed scroll of create monster
  i - an uncursed scroll of identify
  j - an uncursed scroll of remove curse
  k - a blessed scroll of scare monster
  W - an uncursed scroll of teleportation
 Spellbooks  ('+')
  l - a blessed spellbook of force bolt
  m - an uncursed spellbook of jumping
 Potions  ('!')
  u - a cursed potion of booze
  f - an uncursed potion of healing
  s - an uncursed potion of levitation
  F - an uncursed potion of paralysis
  g - a blessed potion of see invisible
  t - an uncursed potion of sickness
  h - an uncursed potion of sleeping
 Rings    ('=')
  e - an uncursed +1 ring of gain constitution (on left hand)
  d - an uncursed +1 ring of increase damage (on right hand)
  H - a cursed -2 ring of protection
  z - an uncursed ring of protection from shape changers
 Wands    ('/')
  O - a wand of slow monster (0:5)
  c - a wand of striking (0:4)
 Tools    ('(')
  o - an uncursed wooden harp
  K - an uncursed brass lantern (lit)
  B - an uncursed credit card
  D - an uncursed lock pick
  n - a magic marker (0:19)
  C - an uncursed oil lamp
 Gems/Stones  ('*')
  r - 3 uncursed aquamarine stones
  R - an uncursed chrysoberyl stone
  J - an uncursed fluorite stone
  X - an uncursed jasper stone
  P - an uncursed worthless piece of black glass
  N - an uncursed worthless piece of green glass
  I - a cursed worthless piece of green glass
  A - 3 uncursed worthless pieces of orange glass
  Q - an uncursed worthless piece of red glass
  q - 2 uncursed worthless pieces of violet glass
  Y - an uncursed worthless piece of yellow glass
  M - an uncursed worthless piece of yellowish brown glass

Aranth the Wizard's attributes:

Background:
 You were a Thaumaturge, a level 7 female elven Wizard.
 You were chaotic, on a mission for Anhur
 who was opposed by Ptah (lawful) and Thoth (neutral).
 You were right-handed.
 You were in the Gnomish Mines, on level 7.
 You entered the dungeon 3018 turns ago.
 It was nighttime.
 There was a new moon in effect when your adventure ended.
 You had 902 experience points, 378 more were needed to attain level 8.

Basics:
 You had 0 out of 49 hit points.
 You had 3 out of 69 energy points (spell power).
 Your armor class was 5.
 Your wallet contained 66 zorkmids.
 Autopickup was off.

Final Characteristics:
 Your strength was 9 (limit:18).
 Your dexterity was 16 (limit:18).
 Your constitution was 17 (base:16, innate limit:16).
 Your intelligence was 20 (limit:20).
 Your wisdom was 12 (limit:20).
 Your charisma was 12 (limit:18).

Final Status:
 You weren't hungry.
 You were burdened; movement was slightly slowed.
 You were wielding a quarterstaff.
 You had basic skill with quarterstaff.

Final Attributes:
 You were piously aligned.
 You were magic-protected.
 You were sleep resistant.
 You had infravision.
 You had a small damage bonus (+1).
 You were warded.
 You are dead.

Miscellaneous:
 You didn't encounter any bones levels.
 Total elapsed playing time was 27 minutes and 26 seconds.

Major events:
 Turn
    1: Aranth the chaotic female elven Wizard entered the dungeon
  915: entered the Gnomish Mines
  917: attained the rank of Conjurer (level 3)
 1795: attained the rank of Thaumaturge (level 6)
 2233: reached Mine Town
 3018: killed by a dingo

Spells:
 Name                 Level Category     Fail Retention
 force bolt             1   attack         0%   81%-85%
 jumping                1   escape         0%  76%-100%

Skills:
 Fighting Skills
   bare handed combat [Unskilled]
   riding             [Unskilled]
 Weapon Skills
   dagger             [Unskilled]
   knife              [Unskilled]
   axe                [Unskilled]
   short sword        [Unskilled]
   club               [Unskilled]
   mace               [Unskilled]
   quarterstaff       [Basic]
   polearms           [Unskilled]
   spear              [Unskilled]
   trident            [Unskilled]
   sling              [Unskilled]
   dart               [Unskilled]
   shuriken           [Unskilled]
 Spellcasting Skills
   attack spells      [Skilled]
   healing spells     [Unskilled]
   divination spells  [Unskilled]
   enchantment spells [Basic]
   clerical spells    [Unskilled]
   escape spells      [Unskilled]
   matter spells      [Unskilled]

Voluntary challenges:
 Character rerolling was not enabled.
 You never genocided any monsters.
 You never polymorphed an object.
 You never changed form.
 You used no wishes.
Achievements:
 You entered the Gnomish Mines.
 You attained the rank of Conjurer.
 You attained the rank of Thaumaturge.
 You entered Minetown.

 The Dungeons of Doom: levels 1 to 3
    Level 1:
       A fountain.
    Level 2:
       A fountain.
       Stairs down to The Gnomish Mines.
    Level 3:
 The Gnomish Mines: levels 3 to 7
    Level 3:
    Level 4:
    Level 5:
    Level 6:
       An altar, a fountain.
    Level 7: <- You were here.
       Final resting place for
          you, killed by a dingo.


Vanquished creatures:
  3 orc-captains
  a lizard
  a bugbear
  3 Mordor orcs
  6 Uruk-hai
  a violet fungus
  4 gnome leaders
  a gnomish wizard
  a kitten
  6 dwarves
  a kobold leader
 10 hill orcs
  a rothe
  a giant bat
  a monkey
 an iguana
  2 killer bees
  2 hobbits
  a hobgoblin
  3 giant rats
  2 cave spiders
  a red mold
 32 gnomes
  2 geckos
  2 jackals
  a kobold
  2 goblins
  3 sewer rats
  4 lichens
  a kobold zombie
  3 newts
103 creatures vanquished.

No species were genocided or became extinct.

Game over:
                       ----------
                      /          \
                     /    REST    \
                    /      IN      \
                   /     PEACE      \
                  /                  \
                  |      Aranth      |
                  |      66 Au       |
                  |   killed by a    |
                  |      dingo       |
                  |                  |
                  |                  |
                  |       2026       |
                 *|     *  *  *      | *
        _________)/\\_//(\/(/\)/\//\/|_)_______

Goodbye Aranth the Wizard...

You died in The Gnomish Mines on dungeon level 7 with 3968 points,
and 66 pieces of gold, after 3018 moves.
You were level 7 with a maximum of 49 hit points when you died.

